 Dungeon Crawl Stone Soup version 0.21-a0-200-gb89f83b (webtiles) character file.

223 Pippin the Covered (level 6, -4/41 HPs)
             Began as a Human Wanderer on Aug 16, 2017.
             Splashed by Ijyb's acid (9 damage)
             ... on level 4 of the Dungeon.
             The game lasted 00:12:26 (3019 turns).

Pippin the Covered (Human Wanderer)                 Turns: 3019, Time: 00:12:26

Health: -4/41      AC:  9    Str:  9    XL:     6   Next: 20%
Magic:  7/7        EV:  8    Int: 14    God:
Gold:   170        SH:  0    Dex: 16    Spells: 7/7 levels left

rFire    . . .     SeeInvis .   p - +0 hunting sling
rCold    . . .     Gourm    .   (no shield)
rNeg     . . .     Faith    .   a - +2 scale mail
rPois    .         Spirit   .   (no helmet)
rElec    .         Reflect  .   (no cloak)
rCorr    .         Harm     .   (no gloves)
MR       .....                  (no boots)
Stlth    ..........             (no amulet)
HPRegen  0.13/turn              (no ring)
MPRegen  0.10/turn              (no ring)

@: no status effects
A: no striking features
a: no special abilities


You were on level 4 of the Dungeon.
You were not hungry.

You visited 1 branch of the dungeon, and saw 4 of its levels.

You collected 170 gold pieces.

Inventory:

Hand Weapons
 b - a +0 hand crossbow
 p - a +0 hunting sling (weapon)
 t - a +0 spear
 w - a +0 shortbow
Missiles
 c - 66 bolts
 o - 35 sling bullets
 s - 96 stones (quivered)
 u - 13 arrows
Armour
 a - a +2 scale mail (worn)
Jewellery
 x - a +3 ring of slaying {unknown}
Wands
 y - a wand of confusion (20/48)
Scrolls
 g - 2 scrolls of magic mapping {unknown}
 j - 2 scrolls of teleportation
 k - a scroll of enchant weapon {unknown}
 l - 2 scrolls of random uselessness {unknown}
 r - 2 scrolls of remove curse {unknown}
Potions
 d - a potion of lignification
 e - 2 potions of heal wounds
 h - a potion of mutation
 q - a potion of might {unknown}
 A - a potion of invisibility {unknown}
 B - a potion of haste
Comestibles
 f - 4 bread rations
 i - 3 meat rations
 n - 3 royal jellies
 z - 4 chunks of flesh


   Skills:
   Level 1.0 Axes
 - Level 4.0 Slings
 + Level 3.6 Crossbows
 - Level 4.0 Armour
 - Level 1.0 Stealth
 - Level 1.0 Spellcasting
   Level 1.0 Ice Magic
   Level 1.0 Earth Magic
 - Level 1.0 Evocations


You had 7 spell levels left.
You didn't know any spells.

Dungeon Overview and Level Annotations

Branches:
Dungeon (4/15)
 Temple: D:4-7

Altars:
The Shining One

Annotations:
D:4 Ijyb


Message History

* * * LOW HITPOINT WARNING * * *
You feel sick.
* * * LOW HITPOINT WARNING * * *
You feel sick.
You see here a sling bullet.
o - 18 sling bullets (gained 1)
* * * LOW HITPOINT WARNING * * *
You feel sick.
You feel better.
o - 35 sling bullets (gained 17)
You see here a worker ant corpse.
You butcher the worker ant corpse.
z - 4 chunks of flesh (gained 1) Quiver which item? (- for none, * to show all) (? for menu, Esc to quit)
Quivering
s - 96 stones for slings.
As you open the door, it creaks loudly!
Ijyb shouts!
Ijyb zaps a wand.
The bolt of acid hits you!
* * * LOW HITPOINT WARNING * * *
You are splashed with acid!
The acid burns!
You die...

#############
............#######....
...........<..........
...........รท.......g.
.................... #.#.
.................... #.#.
.................... #.#.
............####'##+# #.#.
............####@##.# #.#.
...............#.##.# #.#.
...............#.##.##########.#.
##......####...#............##...
#......# #...#.##............#.
#......# #...#....#######.##.#.
#...<..# #...####.# #.##.#.
#......# #...# #.# #.##.#.
#......# #...####.# #.##.#.


You could see Ijyb.

Vanquished Creatures
  A worker ant (D:4)
  Terence (D:2)
  8 gnolls
  An adder (D:2)
  2 oozes
  A worm (D:3)
  3 dart slugs
  A leopard gecko (D:4)
  3 orcs (D:3)
  5 bats
  6 goblins
  12 hobgoblins
  9 jackals
  A quokka (D:2)
  3 frilled lizards
  5 kobolds
  11 rats
73 creatures vanquished.

Notes
Turn   | Place    | Note
-------+----------+-------------------------------------------
     0 | D:1      | Pippin the Human Wanderer began the quest for the Orb.
     0 | D:1      | Pippin set off with: a +2 scale mail, a +0 hand crossbow, 28 bolts, a potion of lignification, a bread ration
     0 | D:1      | Reached XP level 1. HP: 13/13 MP: 2/2
    22 | D:1      | Reached skill level 1 in Crossbows
    44 | D:1      | Reached XP level 2. HP: 19/19 MP: 3/3
   401 | D:1      | Reached XP level 3. HP: 24/24 MP: 4/4
  1018 | D:2      | Reached skill level 1 in Slings
  1180 | D:2      | Noticed Terence
  1241 | D:2      | Killed Terence
  1241 | D:2      | Reached XP level 4. HP: 3/30 MP: 5/5
  1673 | D:2      | Reached XP level 5. HP: 28/35 MP: 6/6
  2005 | D:2      | Found a glowing golden altar of the Shining One.
  2303 | D:3      | Reached XP level 6. HP: 17/41 MP: 7/7
  2746 | D:4      | Noticed Ijyb
  2963 | D:4      | HP: 2/41 [poisoned by a worker ant]
  3019 | D:4      | Splashed by Ijyb's acid

Vault maps used:
D:1:      ncdulo_lavacross, minmay_tromino_v4_b
D:2:      tso_altar, first_bread, minivault_25, uniq_terence
D:4:      uniq_ijyb

Skill      XL: |  1  2  3  4  5 |
---------------+----------------+-----
Crossbows      | 1 2 3 |  3.6
Slings         | 2 4 |  4.0
Axes           | |  1.0
Armour         | |  4.0
Stealth        | |  1.0
Spellcasting   | |  1.0
Ice Magic      | |  1.0
Earth Magic    | |  1.0
Evocations     | |  1.0

Action                   |  1- 3 |  4- 6 || total
-------------------------+-------+-------++-------
Melee: Unarmed           |    30 |       ||    30
       Club              |    12 |     6 ||    18
       Spear             |       |     5 ||     5
 Fire: Hand crossbow     |    25 |       ||    25
       Hunting sling     |   108 |   200 ||   308
  Use: Scroll            |       |     5 ||     5
       Potion            |       |     1 ||     1
  Eat: Chunk             |     1 |     5 ||     6
Armor: Scale mail        |    82 |    85 ||   167
Dodge: Dodged            |    63 |    71 ||   134
